Map: [ESL] NeoHumanity

Players

PiG - Winner!

  • Race: Zerg Zerg
  • League: Master
  • Spawn Location: 11:00

Analysis

  • Race: Zerg Zerg
  • Spawn Location: 5:00

VOD

Have the link to the VOD?

Description

Time

  • Played on: April 11, 2023, 8:31 p.m.
  • Length: 7:50
Show
View Real Time Build Order
Export as new Build Order

PiG Zerg - Winner!

Build Orders: Hatch First 

Get SALT Encoding   

  12  0:01  Drone  
  13  0:14  Overlord  
  13  0:20  Drone  
  14  0:33  Drone x2  
  16  0:36  Drone  
  17  0:53  Hatchery  
  16  0:58  Drone  
  16  1:02  Drone  
  18  1:15  Spawning Pool  
  17  1:20  Drone  
  18  1:25  Drone  
  19  1:34  Overlord  
  19  1:43  Drone  
  20  2:04  Drone  
  20  2:05  Queen x2  
  25  2:10  Zergling x4  
  27  2:23  Overlord  
  27  2:25  Drone x2  
  29  2:33  Drone  
  29  2:34  Drone  
  31  2:38  Drone  
  31  2:41  Queen  
  34  2:48  Drone  
  34  2:51  Extractor  
  34  2:52  Extractor  
  34  2:57  Drone x2, Spine Crawler  
  34  3:05  Drone  
  35  3:17  Drone x7  
  35  3:19  Overlord  
  42  3:24  Overlord  
  42  3:34  Drone x2, Evolution Chamber, Roach Warren  
  40  3:38  Evolution Chamber  
  44  3:48  Drone x8  
  48  4:01  Lair  
  48  4:06  Extractor  
  48  4:09  Zerg Missile Weapons Level 1  
  47  4:15  Drone x2  
  47  4:16  Drone  
  50  4:25  Overlord  
  50  4:26  Overlord x3  
  50  4:28  Roach x3  
  56  4:51  Roach x8  
  72  4:54  Overlord x2  
  72  5:05  Hatchery  
  71  5:12  Glial Reconstitution  
  71  5:19  Overlord x3  
  71  5:23  Roach x4  
  79  5:30  Roach x3  
  85  5:44  Roach x2  
  85  5:45  Roach  
  85  5:46  Overlord  
  91  6:07  Roach x7  
  105  6:26  Extractor  
  105  6:28  Drone x3  
  105  6:29  Drone  
  105  6:31  Drone x3  
  111  6:39  Roach x8  
  108  7:14  Roach x13  
Show
View Real Time Build Order
Export as new Build Order

Analysis Zerg 

Build Orders: Hatch First 

Get SALT Encoding   

  12  0:00  Drone  
  13  0:12  Overlord  
  13  0:20  Drone  
  14  0:32  Drone x2  
  16  0:49  Hatchery  
  15  0:51  Drone  
  15  0:55  Drone  
  17  0:59  Drone  
  18  1:09  Extractor  
  17  1:15  Spawning Pool  
  17  1:17  Drone  
  17  1:21  Drone  
  18  1:28  Drone  
  19  1:40  Drone  
  20  1:50  Overlord  
  20  2:02  Queen x2  
  20  2:03  Zergling x4  
  26  2:10  Metabolic Boost  
  26  2:18  Drone x2  
  26  2:21  Drone  
  29  2:24  Drone  
  30  2:45  Drone x2  
  30  2:47  Drone  
  30  2:49  Baneling Nest  
  32  2:52  Queen  
  32  2:57  Overlord  
  34  3:05  Hatchery  
  32  3:17  Drone x5  
  36  3:34  Drone x6  
  42  3:50  Roach Warren  
  42  3:51  Drone x3  
  42  3:53  Lair  
  44  4:00  Zergling x2, Roach Warren  
  44  4:01  Overlord  
  44  4:12  Overlord x3  
  44  4:18  Extractor, Drone x2  
  44  4:19  Drone  
  44  4:20  Extractor  
  44  4:21  Zergling x6  
  48  4:27  Drone  
  48  4:29  Drone  
  50  4:42  Drone  
  51  4:50  Glial Reconstitution  
  51  4:58  Roach  
  51  4:59  Roach x8  
  69  5:05  Drone x5  
  74  5:16  Evolution Chamber  
  73  5:27  Drone x3  
  73  5:28  Drone, Overlord x2  
  77  5:30  Overlord  
  79  5:35  Roach  
  79  5:36  Roach  
  80  5:52  Roach x10  
  80  5:55  Zerg Missile Weapons Level 1  
  100  5:59  Evolution Chamber  
  100  6:00  Drone x2  
  101  6:05  Roach  
  103  6:22  Spine Crawler  
  102  6:28  Roach  
  102  6:30  Overlord x3  
  104  6:32  Ravager  
  105  6:45  Roach x2  
  105  6:53  Zergling x28  
  80  7:11  Zergling x8, Roach Warren  
  66  7:19  Roach Warren  
  66  7:20  Zergling x6  
  38  7:34  Hatchery  
Tags
 
League
Master
Matchup
ZvZ
Player
PiG
Race
Zerg
Replay Pack
b2gm dia3
Spawn Locations
Cross Positions
Add a new tag
Caveats
  • Supply blocks, unpowered buildings, or Contaminate may cause inaccurate times.
  • Supply counts are checked every 10 seconds.